AA
MYRTLE BEACH SHOREBIRDS @ MIRAMAR MAVERICKS
06/10/2060
 
TOP OF THE 1ST
Myrtle Beach Shorebirds batting - Pitching for Miramar Mavericks : RHP Jonah Morganstein
Pitching: RHP Jonah Morganstein
Batting: LHB Godfrey Hudhayfah 0-0: Ball
1-0: Swinging Strike
1-1: Swinging Strike
1-2: Foul Ball, location: 2F
1-2: Ball
2-2: SINGLE (Flyball, 56D, EV 91.9 MPH)
Batting: RHB Casey Dodd 0-0: Fielders Choice at 2nd, 5-4 (Groundball, 56, EV 108.1 MPH)
Batting: LHB Casey Courtney 0-0: Ball
1-0: Ball
2-0: Grounds into double play, 4-6-3 (Groundball, 4, EV 80.6 MPH)
Top of the 1st over - 0 runs, 1 hit, 0 errors, 0 left on base; Myrtle Beach 0 - Miramar 0
BOTTOM OF THE 1ST
Miramar Mavericks batting - Pitching for Myrtle Beach Shorebirds : RHP Evan Owens
Pitching: RHP Evan Owens
Batting: SHB Braden Kelley 0-0: DOUBLE (Line Drive, 3D, EV 97.5 MPH)
Batting: LHB Darren Hidalgo 0-0: Ball
1-0: Called Strike
1-1: Ball
2-1: Foul Ball, location: 2F
2-2: Ground out 3-1 (Groundball, 34S, EV 89.4 MPH)
Braden Kelley to third
Batting: RHB Tate Elliott 0-0: Fly out, F9 (Flyball, 9, EV 92.5 MPH)
Batting: LHB Tommy Tar 0-0: Ball
1-0: Ball
2-0: Ball
3-0: Called Strike
3-1: Base on Balls
Batting: RHB Dylan Macias 0-0: Swinging Strike
0-1: Foul Ball, location: 2F
0-2: Ball
1-2: Ground out 5-3 (Groundball, 56S, EV 85.0 MPH)
Bottom of the 1st over - 0 runs, 1 hit, 0 errors, 2 left on base; Myrtle Beach 0 - Miramar 0
TOP OF THE 2ND
Myrtle Beach Shorebirds batting - Pitching for Miramar Mavericks : RHP Jonah Morganstein
Batting: RHB Trevor Tyus 0-0: Ball
1-0: Ground out 3-1 (Groundball, 34, EV 106.9 MPH)
Batting: RHB Amani Hansen 0-0: Ball
1-0: Called Strike
1-1: Called Strike
1-2: Foul Ball, location: 2F
1-2: Fly out, F9 (Flyball, 89M, EV 81.2 MPH)
Batting: RHB Ted Walker 0-0: Foul Ball, location: 2F
0-1: Foul Ball, location: 2F
0-2: Strikes out looking
Top of the 2nd over - 0 runs, 0 hits, 0 errors, 0 left on base; Myrtle Beach 0 - Miramar 0
BOTTOM OF THE 2ND
Miramar Mavericks batting - Pitching for Myrtle Beach Shorebirds : RHP Evan Owens
Batting: SHB Gavin Campbell 0-0: Ground out 4-3 (Groundball, 4S, EV 81.9 MPH)
Batting: RHB Will Dearmon 0-0: Called Strike
0-1: Called Strike
0-2: Foul Ball, location: 2F
0-2: Fly out, F3 (Line Drive, 3L, EV 75.6 MPH)
Batting: RHB Jayce Papanicolaou 0-0: Called Strike
0-1: DOUBLE (Line Drive, 9LM, EV 115.0 MPH)
Batting: RHB Kei'Varae Tran 0-0: Called Strike
0-1: Swinging Strike
0-2: Foul Ball, location: 2F
0-2: Ball
1-2: Fly out, F7 (Flyball, 7D, EV 103.1 MPH)
Bottom of the 2nd over - 0 runs, 1 hit, 0 errors, 1 left on base; Myrtle Beach 0 - Miramar 0
TOP OF THE 3RD
Myrtle Beach Shorebirds batting - Pitching for Miramar Mavericks : RHP Jonah Morganstein
Batting: RHB Keyon Yamamoto 0-0: Foul Ball, location: 2F
0-1: Ball
1-1: Ball
2-1: Foul Ball, location: 2F
2-2: Ball
3-2: Foul Ball, location: 2F
3-2: Ground out 1-3 (Groundball, 13S, EV 65.6 MPH)
Batting: SHB Evan Lind 0-0: Ball
1-0: Foul Ball, location: 2F
1-1: Called Strike
1-2: Strikes out swinging
Batting: RHB Brendon Slagle 0-0: Called Strike
0-1: Ball
1-1: Ball
2-1: Foul Ball, location: 2F
2-2: Foul Ball, location: 2F
2-2: Ball
3-2: Fly out, F3 (Popup, 23F, EV 91.2 MPH)
Top of the 3rd over - 0 runs, 0 hits, 0 errors, 0 left on base; Myrtle Beach 0 - Miramar 0
BOTTOM OF THE 3RD
Miramar Mavericks batting - Pitching for Myrtle Beach Shorebirds : RHP Evan Owens
Batting: SHB Braden Kelley 0-0: Ball
1-0: Foul Ball, location: 2F
1-1: Ball
2-1: DOUBLE (Line Drive, 7LM, EV 108.8 MPH)
Batting: LHB Darren Hidalgo 0-0: Foul Ball, location: 2F
0-1: Called Strike
0-2: Ball
1-2: Foul Ball, location: 2F
1-2: DOUBLE (Flyball, 78XD, EV 98.1 MPH)
Braden Kelley scores
Batting: RHB Tate Elliott 0-0: Called Strike
0-1: Ball
1-1: Foul Ball, location: 2F
1-2: Ball
2-2: Foul Ball, location: 2F
2-2: Foul Ball, location: 2F
2-2: Ball
3-2: Fly out, F7 (Flyball, 7, EV 93.8 MPH)
Batting: LHB Tommy Tar 0-0: Ball
1-0: Ground out U3 (Groundball, 34S, EV 84.4 MPH)
Darren Hidalgo to third
Batting: RHB Dylan Macias 0-0: Foul Ball, location: 2F
0-1: Ball
1-1: Ground out 3-1 (Groundball, 34S, EV 83.8 MPH)
Bottom of the 3rd over - 1 run, 2 hits, 0 errors, 1 left on base; Myrtle Beach 0 - Miramar 1
TOP OF THE 4TH
Myrtle Beach Shorebirds batting - Pitching for Miramar Mavericks : RHP Jonah Morganstein
Batting: LHB Godfrey Hudhayfah 0-0: Swinging Strike
0-1: Called Strike
0-2: Ball
1-2: Strikes out looking
Batting: RHB Casey Dodd 0-0: Called Strike
0-1: Called Strike
0-2: Ball
1-2: Ball
2-2: Ball
3-2: Foul Ball, location: 2F
3-2: Foul Ball, location: 2F
3-2: Foul Ball, location: 2F
3-2: Strikes out swinging
Batting: LHB Casey Courtney 0-0: Swinging Strike
0-1: Foul Ball, location: 2F
0-2: Foul Ball, location: 2F
0-2: Foul Ball, location: 2F
0-2: Strikes out swinging
Top of the 4th over - 0 runs, 0 hits, 0 errors, 0 left on base; Myrtle Beach 0 - Miramar 1
BOTTOM OF THE 4TH
Miramar Mavericks batting - Pitching for Myrtle Beach Shorebirds : RHP Evan Owens
Batting: SHB Gavin Campbell 0-0: Foul Ball, location: 2F
0-1: Ball
1-1: Fly out, F8 (Flyball, 8LD, EV 100.0 MPH)
Batting: RHB Will Dearmon 0-0: Called Strike
0-1: Ball
1-1: Ball
2-1: Swinging Strike
2-2: Ball
3-2: Strikes out swinging
Batting: RHB Jayce Papanicolaou 0-0: Swinging Strike
0-1: Ground out 4-3 (Groundball, 4, EV 88.8 MPH)
Bottom of the 4th over - 0 runs, 0 hits, 0 errors, 0 left on base; Myrtle Beach 0 - Miramar 1
TOP OF THE 5TH
Myrtle Beach Shorebirds batting - Pitching for Miramar Mavericks : RHP Jonah Morganstein
Batting: RHB Trevor Tyus 0-0: SINGLE (Groundball, 34D, EV 106.9 MPH)
Batting: RHB Amani Hansen 0-0: Ball
1-0: Fly out, F8 (Flyball, 8RD, EV 86.9 MPH)
Batting: RHB Ted Walker 0-0: Foul Ball, location: 2F
0-1: Foul Ball, location: 2F
0-2: Ball
1-2: Strikes out swinging
Batting: RHB Keyon Yamamoto 0-0: Called Strike
0-1: Foul Ball, location: 2F
0-2: Ball
1-2: Strikes out looking
Top of the 5th over - 0 runs, 1 hit, 0 errors, 1 left on base; Myrtle Beach 0 - Miramar 1
BOTTOM OF THE 5TH
Miramar Mavericks batting - Pitching for Myrtle Beach Shorebirds : RHP Evan Owens
Batting: RHB Kei'Varae Tran 0-0: Ball
1-0: Ball
2-0: Ball
3-0: Foul Ball, location: 2F
3-1: Foul Ball, location: 2F
3-2: Base on Balls
Batting: SHB Braden Kelley 0-0: Ball
1-0: Bunted foul
1-1: Sac Bunt to 13S - play at first, batter OUT! 1-3
Kei'Varae Tran to second
Batting: LHB Darren Hidalgo 0-0: Ball
1-0: Ball
2-0: Ball
3-0: Called Strike
3-1: Base on Balls
Batting: RHB Tate Elliott 0-0: Called Strike
0-1: Ball
1-1: Swinging Strike
1-2: Ball
2-2: Foul Ball, location: 2F
2-2: Foul Ball, location: 2F
2-2: Strikes out swinging
Batting: LHB Tommy Tar 0-0: Called Strike
0-1: Ball
1-1: Foul Ball, location: 2F
1-2: Strikes out looking
Bottom of the 5th over - 0 runs, 0 hits, 0 errors, 2 left on base; Myrtle Beach 0 - Miramar 1
TOP OF THE 6TH
Myrtle Beach Shorebirds batting - Pitching for Miramar Mavericks : RHP Jonah Morganstein
Batting: SHB Evan Lind 0-0: Foul Ball, location: 2F
0-1: Ball
1-1: Foul Ball, location: 2F
1-2: Ball
2-2: SINGLE (Line Drive, 4MD, EV 100.0 MPH)
Pitching: RHP Remi Daniel
Batting: RHB Brendon Slagle 0-0: Sac Bunt to 2L - play at first, batter OUT! 2-3
Evan Lind to second
Batting: LHB Godfrey Hudhayfah 0-0: Ball
1-0: Ball
2-0: Ball
3-0: Called Strike
3-1: SINGLE (Line Drive, 6MD, EV 95.0 MPH)
Evan Lind to third
Runner from 3rd tries for Home, SAFE, throw by CF to home
Batting: RHB Casey Dodd 0-0: Called Strike
0-1: Swinging Strike
0-2: Ball
1-2: Strikes out swinging
Batting: LHB Casey Courtney 0-0: Ball
1-0: Swinging Strike
1-1: Fly out, F8 (Line Drive, 8RD, EV 96.2 MPH)
Top of the 6th over - 1 run, 2 hits, 0 errors, 1 left on base; Myrtle Beach 1 - Miramar 1
BOTTOM OF THE 6TH
Miramar Mavericks batting - Pitching for Myrtle Beach Shorebirds : RHP Evan Owens
Batting: RHB Dylan Macias 0-0: Ball
1-0: Ball
2-0: Called Strike
2-1: Foul Ball, location: 2F
2-2: Foul Ball, location: 2F
2-2: Foul Ball, location: 2F
2-2: Ball
3-2: Foul Ball, location: 2F
3-2: Foul Ball, location: 2F
3-2: Fly out, F7 (Flyball, 7LD, EV 91.2 MPH)
Batting: SHB Gavin Campbell 0-0: Ball
1-0: Called Strike
1-1: Ball
2-1: Ground out U3 (Groundball, 3S, EV 86.9 MPH)
Batting: RHB Will Dearmon 0-0: Swinging Strike
0-1: Swinging Strike
0-2: Foul Ball, location: 2F
0-2: Ball
1-2: Ball
2-2: Foul Ball, location: 2F
2-2: Foul Ball, location: 2F
2-2: Foul Ball, location: 2F
2-2: DOUBLE (Flyball, 89XD, EV 96.9 MPH)
Pitching: RHP Abdel McElwee
Batting: RHB Jayce Papanicolaou 0-0: Swinging Strike
0-1: Swinging Strike
0-2: Strikes out swinging
Bottom of the 6th over - 0 runs, 1 hit, 0 errors, 1 left on base; Myrtle Beach 1 - Miramar 1
TOP OF THE 7TH
Myrtle Beach Shorebirds batting - Pitching for Miramar Mavericks : RHP Remi Daniel
Batting: RHB Trevor Tyus 0-0: Ball
1-0: SINGLE (Line Drive, 6D, EV 96.2 MPH)
Batting: RHB Amani Hansen 0-0: Ball
1-0: Called Strike
1-1: Foul Ball, location: 2F
1-2: Ball
2-2: Ball
3-2: Foul Ball, location: 2F
3-2: Strikes out swinging
Batting: RHB Ted Walker 0-0: Ball
1-0: Swinging Strike
1-1: DOUBLE (Flyball, 8RXD, EV 94.4 MPH)
Trevor Tyus to third
Batting: RHB Keyon Yamamoto 0-0: Called Strike
0-1: Called Strike
0-2: Strikes out swinging
Batting: SHB Evan Lind 0-0: Ball
1-0: SINGLE (Line Drive, 6M, EV 94.4 MPH)
Trevor Tyus scores
Ted Walker to third
Runner from 3rd tries for Home, SAFE, throw by CF to home
Batting: RHB Brendon Slagle 0-0: Called Strike
0-1: Ground out 4-3 (Groundball, 4, EV 83.8 MPH)
Top of the 7th over - 2 runs, 3 hits, 0 errors, 1 left on base; Myrtle Beach 3 - Miramar 1
BOTTOM OF THE 7TH
Miramar Mavericks batting - Pitching for Myrtle Beach Shorebirds : RHP Abdel McElwee
Batting: RHB Kei'Varae Tran 0-0: Ground out 4-3 (Groundball, 4, EV 103.1 MPH)
Batting: SHB Braden Kelley 0-0: Called Strike
0-1: Foul Ball, location: 2F
0-2: Ball
1-2: Strikes out looking
Batting: LHB Darren Hidalgo 0-0: Called Strike
0-1: Ball
1-1: Called Strike
1-2: Ball
2-2: Ball
3-2: Foul Ball, location: 2F
3-2: Base on Balls
Batting: RHB Tate Elliott 0-0: Foul Ball, location: 2F
0-1: Foul Ball, location: 2F
0-2: Strikes out swinging
Bottom of the 7th over - 0 runs, 0 hits, 0 errors, 1 left on base; Myrtle Beach 3 - Miramar 1
TOP OF THE 8TH
Myrtle Beach Shorebirds batting - Pitching for Miramar Mavericks : RHP Remi Daniel
Batting: LHB Godfrey Hudhayfah 0-0: Called Strike
0-1: Called Strike
0-2: Ball
1-2: Strikes out swinging
Batting: RHB Casey Dodd 0-0: Called Strike
0-1: Ball
1-1: Ball
2-1: Called Strike
2-2: Ball
3-2: Base on Balls
Pitching: LHP J.R. Mauger
Batting: LHB Casey Courtney 0-0: Called Strike
0-1: Ball
1-1: Called Strike
1-2: Ball
2-2: Strikes out looking
Batting: RHB Trevor Tyus 0-0: Ball
1-0: Called Strike
1-1: Ball
2-1: Ball
3-1: SINGLE (Flyball, 8LS, EV 88.8 MPH)
Casey Dodd to second
Runner from 2nd tries for 3rd, SAFE, throw by CF made to third
Batting: RHB Amani Hansen 0-0: Ball
1-0: Foul Ball, location: 2F
1-1: Ball
2-1: TRIPLE (Flyball, 8RXD, EV 97.5 MPH)
Casey Dodd scores
Trevor Tyus scores
Batting: RHB Ted Walker 0-0: Ball
1-0: Called Strike
1-1: Fly out, F7 (Flyball, 78S, EV 75.0 MPH)
Top of the 8th over - 2 runs, 2 hits, 0 errors, 1 left on base; Myrtle Beach 5 - Miramar 1
BOTTOM OF THE 8TH
Miramar Mavericks batting - Pitching for Myrtle Beach Shorebirds : RHP Abdel McElwee
Batting: LHB Tommy Tar 0-0: Ball
1-0: Ball
2-0: Foul Ball, location: 2F
2-1: Ball
3-1: Base on Balls
Batting: RHB Dylan Macias 0-0: Ball
1-0: SINGLE (Groundball, 56D, EV 101.2 MPH)
Tommy Tar to second
Batting: SHB Gavin Campbell 0-0: Called Strike
0-1: Fly out, F7 (Flyball, 78D, EV 93.8 MPH)
Batting: RHB Will Dearmon 0-0: Ball
1-0: 3-RUN HOME RUN (Line Drive, 7LD, EV 100.0 MPH), Distance : 362 ft
Pitching: RHP Adrian Staat
Batting: RHB Jayce Papanicolaou 0-0: Fly out, F9 (Flyball, 9LD, EV 96.2 MPH)
Pinch Hitting: SHB Davin Byers 0-0: Ball
1-0: Swinging Strike
1-1: Swinging Strike
1-2: Fly out, F9 (Flyball, 9S, EV 77.5 MPH)
Bottom of the 8th over - 3 runs, 2 hits, 0 errors, 0 left on base; Myrtle Beach 5 - Miramar 4
TOP OF THE 9TH
Myrtle Beach Shorebirds batting - Pitching for Miramar Mavericks : LHP J.R. Mauger
Now at 2B: Davin Byers
Now at SS: Braden Kelley
Batting: RHB Keyon Yamamoto 0-0: Swinging Strike
0-1: Foul Ball, location: 2F
0-2: Ball
1-2: Foul Ball, location: 7LSF, Error on foul ball, E7
1-2: SINGLE (Groundball, 56D, EV 109.4 MPH)
Batting: SHB Evan Lind 0-0: Bunt missed!
0-1: Sac Bunt to 3S - play at first, batter OUT! 3-4
Keyon Yamamoto to second
Batting: RHB Brendon Slagle 0-0: Intentional Walk
Batting: RHB Jakob Fleming 0-0: Foul Ball, location: 2F
0-1: Called Strike
0-2: Strikes out swinging
Batting: RHB Casey Dodd 0-0: Swinging Strike
0-1: Ball
1-1: Foul Ball, location: 2F
1-2: Strikes out swinging
Top of the 9th over - 0 runs, 1 hit, 1 error, 2 left on base; Myrtle Beach 5 - Miramar 4
BOTTOM OF THE 9TH
Miramar Mavericks batting - Pitching for Myrtle Beach Shorebirds : RHP Adrian Staat
Batting: SHB Braden Kelley 0-0: SINGLE (Groundball, 13S, EV 65.6 MPH) (infield hit)
Batting: LHB Darren Hidalgo 0-0: Ball
1-0: SINGLE (Groundball, 34S, EV 64.4 MPH) (infield hit)
Braden Kelley to second
Batting: RHB Tate Elliott 0-0: Ball
1-0: Swinging Strike
1-1: Ball
2-1: Fly out, F9 (Line Drive, 9, EV 88.1 MPH)
Batting: LHB Tommy Tar 0-0: Called Strike
0-1: Foul Ball, location: 2F
0-2: Strikes out swinging
Batting: RHB Dylan Macias 0-0: Ball
1-0: Ball
2-0: Foul Ball, location: 2F
2-1: Called Strike
2-2: Strikes out looking
Bottom of the 9th over - 0 runs, 2 hits, 0 errors, 2 left on base; Myrtle Beach 5 - Miramar 4
Tuesday, May 7th , 2024 - OOTP Baseball 23.10 Build 110